 Dungeon Crawl Stone Soup version 0.30-a0-469-g84de5afbc5 (webtiles) character file.

Game seed: 2690416516300605670

7589 themarg the Fighter (level 10, -8/97 HPs)
             Began as a Red Draconian Conjurer on Dec 19, 2022.
             Was a High Priest of Ashenzari.
             Killed from afar by an electric eel (13 damage)
             ... with a bolt of electricity
             ... on level 11 of the Dungeon.
             The game lasted 00:30:16 (12733 turns).

themarg the Fighter (Red Draconian Conjurer)       Turns: 12733, Time: 00:30:16

Health: -8/97      AC: 12    Str: 11    XL:     10   Next: 97%
Magic:  2/24       EV: 14    Int: 22    God:    Ashenzari [*****.]
Gold:   563        SH:  0    Dex:  9    Spells: 17/30 levels left

rFire   + . .      SeeInvis +    i - +0 short sword "Unveiling Prison" {Cun, Range} (curse)
rCold   . . .      Faith    .    (no shield)
rNeg    . . .      Spirit   .    (body armour unavailable)
rPois   +          Reflect  .    G - +0 hat of the Unyielding Gaze {Comp, Elem} (curse)
rElec   .          Harm     .    D - +2 cloak "Eternal Together" {Elem, Comp} (curse)
rCorr   +          Rampage  .    (no gloves)
Will    .....      Clarity  +    v - +1 pair of boots of Ashenzari's Pleiades {Cun, Elem} (curse)
Stlth   +++.......               A - amulet "Secrets of Ashenzari" {Regen+, Bglg, Cun} (curse)
HPRegen 1.16/turn                s - ring "Share My Omen" {rPois, Comp, Melee} (curse)
MPRegen 0.19/turn                M - ring of the Omniscient Dismay {rCorr, Range, Self} (curse)

@: about to teleport
A: breathe fire, AC +7, unfitting armour, fire resistance 1, cold-blooded
a: Breathe Fire, Renounce Religion, Curse Item, Shatter the Chains


You were on level 11 of the Dungeon.
You worshipped Ashenzari.
Ashenzari was extremely pleased with you.
You visited 2 branches of the dungeon, and saw 12 of its levels.

You collected 563 gold pieces.

Inventory:

Hand Weapons
 i - the cursed +0 short sword "Unveiling Prison" (weapon) {Cun, Range}
   (You found it on level 1 of the Dungeon)

   It has a curse which improves the following skills: Cunning: Dodging and
   Stealth.
   Ranged Combat: Ranged Weapons and Throwing.
 H - a +1 rapier of protection
Missiles
 e - 22 poisoned darts
 k - 97 stones
 q - 5 javelins
 r - 14 boomerangs
 C - 2 throwing nets
 K - a curare-tipped dart
 P - 5 datura-tipped darts
Armour
 v - the cursed +1 pair of boots of Ashenzari's Pleiades (worn) {Cun, Elem}
   (You found it on level 6 of the Dungeon)

   It has a curse which improves the following skills: Cunning: Dodging and
   Stealth.
   Elements:  Fire Magic, Ice Magic, Air Magic and Earth Magic.
 D - the cursed +2 cloak "Eternal Together" (worn) {Elem, Comp}
   (You took it off Crazy Yiuf on level 6 of the Dungeon)

   It has a curse which improves the following skills: Elements: Fire Magic, Ice
   Magic, Air Magic and Earth Magic.
   Companions: Summonings and Necromancy.
 G - the cursed +0 hat of the Unyielding Gaze (worn) {Comp, Elem}
   (You found it on level 7 of the Dungeon)

   It has a curse which improves the following skills: Companions: Summonings
   and Necromancy.
   Elements:  Fire Magic, Ice Magic, Air Magic and Earth Magic.
Jewellery
 s - the cursed ring "Share My Omen" (left hand) {rPois, Comp, Melee}
   (You found it on level 2 of the Dungeon)

   [ring of poison resistance]

   rPois:     It protects you from poison.
   It has a curse which improves the following skills: Companions: Summonings
   and Necromancy.
   Melee Combat: Short Blades, Long Blades, Axes, Maces & Flails, Polearms,
   Staves and Unarmed Combat.
 A - a cursed amulet "Secrets of Ashenzari" (around neck) {Regen+, Bglg, Cun}
   (You found it on level 6 of the Dungeon)

   [amulet of regeneration]

   Regen:     It increases your rate of health regeneration.
   It has a curse which improves the following skills: Beguiling: Conjurations,
   Hexes and Translocations.
   Cunning:   Dodging and Stealth.
 E - a +6 ring of dexterity
 M - the cursed ring of the Omniscient Dismay (right hand) {rCorr, Range, Self}
   (You found it on level 9 of the Dungeon)

   [ring of resist corrosion]

   rCorr:     It protects you from acid and corrosion.
   It has a curse which improves the following skills: Ranged Combat: Ranged
   Weapons and Throwing.
   Introspection: Fighting and Spellcasting.
Wands
 j - a wand of light (7)
 w - a wand of roots (16)
 x - a wand of flame (59)
 y - a wand of polymorph (2)
 N - a wand of mindburst (10)
Scrolls
 c - 2 scrolls of amnesia
 f - 8 scrolls of teleportation
 h - 3 scrolls of fog
 n - 3 scrolls of noise
 p - 2 scrolls of enchant weapon
 t - a scroll of silence
 z - 4 scrolls of magic mapping
 I - a scroll of fear
Potions
 a - 5 potions of curing
 b - 3 potions of cancellation
 d - 2 potions of attraction
 g - a potion of ambrosia
 l - 2 potions of brilliance
 m - 5 potions of degeneration
 o - 5 potions of might
 u - a potion of invisibility
 B - a potion of magic
 F - a potion of berserk rage
 J - 2 potions of heal wounds
 L - a potion of mutation
 O - a potion of flight


   Skills:
 - Level 9.8(12.1) Fighting
 + Level 3.9(7.9) Dodging
 - Level 3.0(6.6) Stealth
 + Level 8.2(10.6) Spellcasting
 - Level 9.4(11.8) Conjurations
 - Level 3.0(5.0) Hexes
 - Level 1.5(4.3) Necromancy
 - Level 3.0(5.0) Translocations
 + Level 3.0 Evocations


You had 17 spell levels left.
You knew the following spells:

 Your Spells              Type           Power      Damage    Failure   Level
a - Magic Dart            Conj           100%       1d8       1%          1
b - Searing Ray           Conj           100%       2d8       1%          2
c - Fulminant Prism       Conj/Hex       24%        3d12      1%          4
d - Iskenderun's Mystic   Conj/Tloc      48%        2d11      1%          4
e - Sublimation of Blood  Necr           30%        N/A       1%          2

Your spell library contained the following spells:

 Spells                   Type           Power      Damage    Failure   Level
 Slow                     Hex            100%       N/A       1%          1
 Dazzling Flash           Conj/Hex       96%        N/A       1%          3
 Ensorcelled Hibernation  Hex/Ice        48%        N/A       2%          2
 Confusing Touch          Hex            33%        N/A       2%          3
 Vampiric Draining        Necr           30%        2d8       2%          3
 Wereblood                Tmut           11%        N/A       9%          2
 Anguish                  Hex/Necr       16%        N/A       9%          4
 Spider Form              Tmut/Pois      11%        N/A       17%         3
 Summon Ice Beast         Ice/Summ       14%        N/A       41%         4
 Summon Mana Viper        Hex/Summ       24%        N/A       45%         5
 Monstrous Menagerie      Summ           7%         N/A       100%        7
 Summon Hydra             Summ           7%         N/A       100%        7


Dungeon Overview and Level Annotations

Branches:
Dungeon (11/15)            Temple (1/1) D:4            Lair (0/5) D:10
    Orc: D:9-12

Altars:
Ashenzari
Cheibriados
Dithmenos
Elyvilon
Fedhas
Gozag
Hepliaklqana
Kikubaaqudgha
Makhleb
Nemelex Xobeh
Okawaru
Qazlal
Ru
Sif Muna
Trog
Uskayaw
Vehumet
Wu Jian
Xom
Yredelemnul
Zin
The Shining One

Shops:
D:6 (   D:7 :

Annotations:
D:7 1 runed translucent door, GiantSquids's ghost, novice DECj
D:10 Josephine


Innate Abilities, Weirdness & Mutations

You can breathe blasts of fire.
Your fiery red scales are hard. (AC +7)
You cannot fit into any form of body armour.
Your flesh is heat resistant. (rF+)
You are cold-blooded and may be slowed by cold attacks.


Message History

The boulder beetle stops rolling and uncurls.
Casting: Iskenderun's Mystic Blast (mildly dangerous; 1% risk of failure)
Confirm with . or Enter, or press ? or * to list all spells.
You erupt in a blast of force!
The mystic blast hits the boulder beetle!
The boulder beetle is moderately wounded.
The boulder beetle is knocked back by the mystic blast.
Casting: Iskenderun's Mystic Blast (mildly dangerous; 1% risk of failure)
Confirm with . or Enter, or press ? or * to list all spells.
You erupt in a blast of force!
The mystic blast hits the boulder beetle but does no damage.
The boulder beetle is moderately wounded.
The boulder beetle curls into a ball and begins rolling!
The boulder beetle hits you!!!
* * * LOW HITPOINT WARNING * * *
The boulder beetle stops rolling and uncurls.
As you read the scroll of teleportation, it crumbles to dust.
You feel strangely unstable. The boulder beetle closely misses you.
The boulder beetle attacks as you move away!
The boulder beetle bites you.
* * * LOW HITPOINT WARNING * * *
Casting: Iskenderun's Mystic Blast (mildly dangerous; 1% risk of failure)
Confirm with . or Enter, or press ? or * to list all spells.
You erupt in a blast of force!
The mystic blast hits the boulder beetle.
The boulder beetle is moderately wounded.
The boulder beetle is knocked back by the mystic blast.
Your surroundings suddenly seem different.
A cyclops, a water elemental and 2 electric eels come into view.
Found a potion of might.
You have got your breath back.
A hornet comes into view.
As you read the scroll of teleportation, it crumbles to dust.
You feel strangely unstable.
The electric eel shoots out a bolt of lightning at you!
The bolt of electricity hits you!
* * * LOW HITPOINT WARNING * * *
The electric eel shoots out a bolt of lightning at you!
The bolt of electricity hits you!
You die...

~ ≈≈≈≈≈≈≈≈≈≈≈≈* *** ~ ~
~ ≈≈≈≈≈≈≈≈≈≈### , , ~~ ~
~≈≈≈E≈~~≈~#...,,** ~~ ~~
C≈≈≈~.....#* * ~ ~ ≈≈~
≈≈~.....#* ~
≈≈≈≈~#....!#* ~ ~~
≈≈~~.#.....#
~~~~~#≈..~~..########***
* *
≈≈~.~~~~.@.......,,,, ,
* .##~~~~~~######## ** *
#~~~~~~~~* .~S~~~~~~~~ ,
* *~~~~~~~~~~~~
*.~~~~~~S~~~## * * *
**.#~~~~~~~~## , ,
,#.~~~~~~## ,,, , ,, ~


You could see a cyclops (wandering), a water elemental (dormant) and 2 electric
eels.

Vanquished Creatures
  Snorg (D:10)
  Pikel (D:9)
  A manticore (D:9)
  An oklob plant (D:10)
  A kobold demonologist (D:10)
  A troll (D:10)
  A hornet (D:10)
  Sigmund (D:4)
  6 yaks (D:8)
  2 steam dragons
  A water moccasin (D:9)
  3 orc warriors
  3 ice beasts
  A black bear (D:7)
  A sky beast (D:6)
  5 centaurs
  A lemure (D:9)
  A phantom (D:6)
  2 kobold brigands (D:9)
  A bullfrog (D:8)
  2 necrophages
  4 scorpions
  16 killer bees
  A howler monkey (D:5)
  An electric eel (D:11)
  A centaur zombie (D:5)
  A bullfrog zombie (D:5)
  7 hounds
  7 orc priests
  Crazy Yiuf (D:6)
  2 gnoll boudas (D:7)
  Ijyb (D:4)
  6 iguanas
  2 orc wizards
  3 adders
  14 gnolls
  A shadow imp (D:8)
  A white imp (D:7)
  An ufetubus (D:4)
  A worm (D:2)
  A dart slug (D:4)
  19 orcs
  8 ball pythons
  7 bats
  5 endoplasms
  2 giant cockroaches
  2 goblins
  3 hobgoblins (D:1)
  2 quokkas
  19 kobolds
  3 rats (D:1)
179 creatures vanquished.

Vanquished Creatures (others)
  11 fulminant prisms
  6 plants (D:10)
17 creatures vanquished.

Grand Total: 196 creatures vanquished

Notes
Turn   | Place    | Note
-------+----------+-------------------------------------------
     0 | D:1      | themarg the Draconian Conjurer began the quest for the Orb.
     0 | D:1      | Reached XP level 1. HP: 14/14 MP: 3/3
   274 | D:1      | Reached XP level 2. HP: 20/20 MP: 3/5
   277 | D:1      | Learned a level 2 spell: Searing Ray
  1261 | D:2      | Reached XP level 3. HP: 24/26 MP: 0/6
  2289 | D:3      | You fall into a shaft and drop 2 floors!
  2289 | D:5      | Entered Level 5 of the Dungeon
  2299 | D:5      | Noticed a necrophage
  2307 | D:5      | Killed a necrophage
  2308 | D:5      | Reached XP level 4. HP: 33/33 MP: 0/8
  2615 | D:3      | Identified the +1 chain mail "Umegysot" {Fly rC+}
  2625 | D:3      | Reached skill level 5 in Conjurations
  2626 | D:3      | Reached XP level 5. HP: 38/38 MP: 3/9
  2782 | D:3      | Found a faded altar of an unknown god.
  3094 | D:4      | Noticed Sigmund
  3118 | D:4      | HP: 1/38 [something (5)]
  3119 | D:4      | Killed Sigmund
  3120 | D:4      | Reached XP level 6. HP: 2/45 MP: 5/12
  3294 | D:4      | Found a staircase to the Ecumenical Temple.
  3335 | Temple   | Entered the Ecumenical Temple
  3460 | Temple   | Became a worshipper of Ashenzari the Shackled
  4048 | D:4      | Noticed Ijyb
  4054 | D:4      | Killed Ijyb
  4295 | D:4      | Your scales start taking on a fiery red colour.
  4295 | D:4      | Reached XP level 7. HP: 50/50 MP: 6/14
  4295 | D:4      | Gained mutation: Your flesh is heat resistant. (rF+) [Red
                  | Draconian growth]
  4791 | D:5      | Reached skill level 5 in Spellcasting
  5100 | D:5      | Found a basalt altar of Yredelemnul.
  5790 | D:5      | Reached XP level 8. HP: 58/58 MP: 10/15
  6007 | D:6      | Reached * piety under Ashenzari
  6017 | D:6      | Reached skill level 1 in Fighting
  6017 | D:6      | Reached skill level 1 in Hexes
  6017 | D:6      | Reached skill level 1 in Translocations
  6439 | D:6      | Found a runed translucent door.
  6440 | D:6      | Noticed Crazy Yiuf
  6446 | D:6      | Killed Crazy Yiuf
  6658 | D:6      | Reached ** piety under Ashenzari
  6741 | D:6      | Found Digroe's Weapon Boutique.
  7280 | D:6      | Found Digroe's Weapon Boutique.
  7680 | D:7      | Noticed GiantSquids's ghost (novice DECj)
  7879 | D:7      | Reached XP level 9. HP: 56/71 MP: 4/17
  7884 | D:7      | Learned a level 4 spell: Fulminant Prism
  7889 | D:7      | Learned a level 4 spell: Iskenderun's Mystic Blast
  8042 | D:7      | Found an ancient bone altar of Kikubaaqudgha.
  8435 | D:7      | Found Hurcho Neastre's Book Shop.
  8450 | D:7      | Found a glowing golden altar of the Shining One.
  8688 | D:7      | Reached *** piety under Ashenzari
  8752 | D:7      | Found a runed translucent door.
  8829 | D:7      | Reached skill level 5 in Fighting
  8861 | D:7      | Learned a level 2 spell: Sublimation of Blood
  9100 | D:8      | Reached skill level 1 in Necromancy
  9293 | D:8      | Found a hide-covered altar of Uskayaw.
  9672 | D:8      | Found a shadowy altar of Dithmenos.
  9694 | D:8      | Reached XP level 10. HP: 77/86 MP: 4/20
 10006 | D:8      | Found a stormy altar of Qazlal.
 10104 | D:9      | Noticed Pikel
 10138 | D:9      | Killed Pikel
 10347 | D:9      | Reached **** piety under Ashenzari
 10707 | D:9      | Noticed a manticore
 10716 | D:9      | Killed a manticore
 11120 | D:9      | Reached ***** piety under Ashenzari
 11294 | D:10     | Entered Level 10 of the Dungeon
 11553 | D:10     | Identified the +3 ring mail of Galeal {rPois rC- rN+++
                  | Stlth+}
 11600 | D:10     | Reached skill level 1 in Evocations
 11662 | D:10     | Noticed a smoke demon
 11667 | D:10     | Noticed Josephine
 11860 | D:10     | Found a staircase to the Lair.
 11868 | D:10     | Noticed an oklob plant
 11972 | D:10     | Noticed Snorg
 11993 | D:10     | Killed Snorg
 12418 | D:10     | Killed an oklob plant
 12703 | D:11     | Noticed a boulder beetle
 12730 | D:11     | Noticed a cyclops
 12732 | D:11     | HP: 4/97 [electric eel/bolt of electricity (14)]
 12733 | D:11     | Killed from afar by an electric eel

Illustrated notes

Levels and vault maps discovered:
D:1:      sevenhm_arrival_forest_fort_small_4, layout_loops_ring
D:2:      layout_basic
D:3:      layout_loops_ring, dreamdust_ecumenical_altar_statues
D:4:      layout_cave_pools, temple_pool_b, serial_column_ruins,
          column_ruins_hut_ruined, column_ruins_hut_ruined, column_ruins_grid_1,
          column_ruins_corridor_corner, column_ruins_columns_dead_end,
          column_ruins_open_medium, column_ruins_open_tiny,
          chequers_serial_rivers_large_a, uniq_ijyb, uniq_sigmund
D:5:      layout_basic, lemuel_zombie_altar_yredelemnul
D:6:      layout_gridville, serial_shops, kennysheep_mini_moat,
          uniq_crazy_yiuf_cottage
D:7:      layout_cave_pools, serial_shops, shop, hellmonk_ghost_happy_afterlife,
          roderic_roman_lattice, hangedman_feature_mirror
D:8:      layout_basic, mainiacjoe_overflow_big_doors, marbit_many_paths
D:9:      layout_long_grid, uniq_pikel
D:10:     layout_stronghold, dpeg_oklobed_lair, uniq_josephine, uniq_snorg
D:11:     layout_basic, hiddenorc1_lemuel, laboratory
Temple:   hc_temple_tempest_star

Skill      XL: |  1  2  3  4  5  6  7  8  9 10 |
---------------+-------------------------------+-----
Stealth        | 2 3 |  3.0
Spellcasting   | 3 4 5 7 8 |  8.2
Conjurations   | 5 6 8 9 |  9.4
Fighting       | 3 7 9 |  9.8
Hexes          | 3 |  3.0
Translocations | 3 |  3.0
Dodging        | 2 3 |  3.9
Necromancy     | 1 |  1.5
Evocations     | 3 |  3.0

Action                   |  1- 3 |  4- 6 |  7- 9 | 10-12 || total
-------------------------+-------+-------+-------+-------++-------
Melee: Unarmed           |     6 |       |       |       ||     6
       Tailslap          |     2 |       |       |     1 ||     3
       Short sword       |     7 |     5 |     1 |    14 ||    27
 Cast: Magic Dart        |    54 |    16 |     2 |     2 ||    74
       Searing Ray       |     5 |    21 |    66 |    16 ||   108
       Iskenderun's Myst |       |       |     6 |    34 ||    40
       Fulminant Prism   |       |       |     2 |     9 ||    11
Invok: Curse Item        |       |       |     5 |     2 ||     7
 Abil: Breathe Fire      |       |       |     1 |     7 ||     8
Evoke: Wand              |       |       |     3 |     1 ||     4
  Use: Potion            |       |     1 |       |     2 ||     3
       Scroll            |       |       |     8 |     3 ||    11
Armor: Skin              |     6 |    11 |    38 |    29 ||    84
Dodge: Dodged            |     5 |    27 |    87 |    49 ||   168

Table legend: (Time is in decaauts)
 A = Elapsed time spent in this place.
 B = Non-inter-level travel time spent in this place.
 C = Inter-level travel time spent in this place.
 D = Time resting spent in this place.
 E = Time spent auto-exploring this place.
 F = Levels seen in this place.
 G = Mean time per level.
                   A        B        C        D        E       F      G
               +--------+--------+--------+--------+--------+-----+--------+
         Total |  12755 |  12351 |    404 |   1161 |   9831 |  12 | 1062.9 |
       Dungeon |  12478 |  12076 |    402 |   1161 |   9585 |  11 | 1134.4 |
        Temple |    277 |    275 |      2 |      0 |    246 |   1 |  277.0 |
               +--------+--------+--------+--------+--------+-----+--------+

Top non-repeatable levels by time:
     D:6: 1601 daAuts
     D:5: 1541 daAuts
    D:10: 1366 daAuts
     D:7: 1337 daAuts
     D:1: 1267 daAuts
     D:9: 1246 daAuts
     D:4: 1177 daAuts
     D:3: 1047 daAuts
     D:8: 1028 daAuts
     D:2: 791 daAuts
  Temple: 277 daAuts
    D:11: 71 daAuts
